 Dungeon Crawl Stone Soup version 0.30-a0-830-gfe289a77b0 (webtiles) character file.

Game seed: 17991438548571333708

32 Nacht the Digger (level 3, 0/24 HPs)
             Began as a Demonspawn Earth Elementalist on Mar 1, 2023.
             Slain by Terence
             ... wielding a +0 flail
              (7 damage)
             ... on level 2 of the Dungeon.
             The game lasted 00:00:43 (955 turns).

Nacht the Digger (Demonspawn Earth Elementalist)     Turns: 955, Time: 00:00:44

Health: 0/24       AC:  3    Str:  8    XL:     3   Next: 10%
Magic:  3/6        EV: 17    Int: 18    God:
Gold:   46         SH:  0    Dex: 13    Spells: 5/6 levels left

rFire   + . .      SeeInvis .    (no weapon)
rCold   . . .      Faith    .    (no shield)
rNeg    . . .      Spirit   .    a - +0 robe
rPois   .          Reflect  .    (no helmet)
rElec   .          Harm     .    (no cloak)
rCorr   .          Rampage  .    (no gloves)
Will    .....                    e - +0 pair of boots
Stlth   ++                       (no amulet)
HPRegen 0.24/turn                d - ring of protection from fire
MPRegen 0.10/turn                (no ring)

@: agile
A: powered by pain 1
a: no special abilities


You were on level 2 of the Dungeon.
You visited 1 branch of the dungeon, and saw 2 of its levels.

You collected 46 gold pieces.

Inventory:

Armour
 a - a +0 robe (worn)
 e - a +0 pair of boots (worn)
Jewellery
 d - a ring of protection from fire (left hand)
 i - a ring of see invisible
 k - a +6 ring of dexterity
 m - an amulet of the acrobat
Scrolls
 c - 2 scrolls of enchant weapon {unknown}
 f - a scroll of fear {unknown}
 g - 2 scrolls of magic mapping {unknown}
 h - 2 scrolls of identify {unknown}
 j - a scroll of noise {unknown}
 n - a scroll of immolation {unknown}
Potions
 l - a potion of berserk rage {unknown}


   Skills:
 - Level 1.7 Dodging
 - Level 1.7 Stealth
 - Level 2.0 Spellcasting
 - Level 0.8 Transmutations
 + Level 3.9 Earth Magic


You had 5 spell levels left.
You knew the following spells:

 Your Spells              Type           Power      Damage    Failure   Level
a - Sandblast             Erth           30%        2d9       3%          1

Your spell library contained the following spells:

 Spells                   Type           Power      Damage    Failure   Level
 Passwall                 Tmut/Erth      8%         N/A       11%         2
 Stone Arrow              Conj/Erth      16%        3d8       24%         3
 Petrify                  Tmut/Erth      10%        N/A       56%         4


Dungeon Overview and Level Annotations

Branches:
Dungeon (2/15)

Altars:
Cheibriados

Annotations:
D:2 Terence


Innate Abilities, Weirdness & Mutations

You sometimes gain a little power by taking damage.


Message History

Press: ? - help, Shift-Dir - straight line, p - Terence The blast of sand hits Terence.
Terence is heavily wounded.
The endoplasm quivers.
The bat misses you. Terence closely misses you. The bat hits you.
Terence misses you.
Casting: Sandblast (safe; 3% risk of failure)
Confirm with . or Enter, or press ? or * to list all spells.
You don't have enough magic to cast this spell.
Terence hits you with a +0 flail!
* * * LOW HITPOINT WARNING * * *
You focus on the pain.
You feel your power returning. The bat completely misses you.
Terence barely misses you.
Casting: Sandblast (safe; 3% risk of failure)
Confirm with . or Enter, or press ? or * to list all spells.
Aiming: Sandblast (safe; 3% risk of failure)
Press: ? - help, Shift-Dir - straight line The blast of sand hits Terence but does no damage.
Terence is heavily wounded.
The bat hits you but does no damage. Terence misses you.
Casting: Sandblast (safe; 3% risk of failure)
Confirm with . or Enter, or press ? or * to list all spells.
Aiming: Sandblast (safe; 3% risk of failure)
Press: ? - help, Shift-Dir - straight line The blast of sand hits Terence but does no damage.
Terence is heavily wounded.
The bat hits you but does no damage.
Terence bares his teeth.
Terence closely misses you. The endoplasm misses you.
Terence completely misses you.
Casting: Sandblast (safe; 3% risk of failure)
Confirm with . or Enter, or press ? or * to list all spells.
Aiming: Sandblast (safe; 3% risk of failure)
Press: ? - help, Shift-Dir - straight line The blast of sand hits Terence but does no damage.
Terence is heavily wounded.
The bat hits you.
* * * LOW HITPOINT WARNING * * *
The endoplasm closely misses you. Terence hits you with a +0 flail!
You die...

####### .......
#############
.......####..†........#
.......#..............#
.......#.##...........#
......b#.######'#######
............†....#
...._.J@....†....#
......@..........#
##.....#.######.##
###...#.# #.#
###...######.#
###.#<.....# #.#####..#
#.# #..# #.# #..#


You could see Terence, an endoplasm and a bat.

Vanquished Creatures
  An adder (D:2)
  A worm (D:2)
  A dart slug (D:2)
  2 ball pythons (D:1)
  2 giant cockroaches
  A hobgoblin (D:1)
  2 kobolds (D:1)
  2 quokkas (D:1)
  4 bats (D:1)
  A frilled lizard (D:1)
  A rat (D:1)
18 creatures vanquished.

Notes
Turn   | Place    | Note
-------+----------+-------------------------------------------
     0 | D:1      | Nacht the Demonspawn Earth Elementalist began the quest for
                  | the Orb.
     0 | D:1      | Reached XP level 1. HP: 13/13 MP: 3/3
   101 | D:1      | Reached skill level 3 in Earth Magic
   222 | D:1      | Gained mutation: You sometimes gain a little power by
                  | taking damage. [demonic ancestry]
   222 | D:1      | Reached XP level 2. HP: 17/19 MP: 1/5
   893 | D:2      | Reached XP level 3. HP: 19/24 MP: 4/6
   938 | D:2      | Found a snail-covered altar of Cheibriados.
   940 | D:2      | Noticed Terence
   955 | D:2      | Slain by Terence

Illustrated notes

Levels and vault maps discovered:
D:1:      dpeg_arrival_renting, layout_rooms, serial_curves, eino_curves_03,
          eino_curves_02, eino_curves_02, corner_web_ring
D:2:      layout_basic, serial_shops, shop, basic_altar, uniq_terence,
          uniq_natasha

Skill      XL: |  1 |
---------------+----+-----
Earth Magic    | 3 |  3.9
Dodging        | |  1.7
Stealth        | |  1.7
Spellcasting   | |  2.0
Transmutations | |  0.8

Action                     || total
---------------------------++-------
   Cast: Sandblast         ||    38
    Use: Potion            ||     1
 Armour: Robe              ||    14
  Dodge: Dodged            ||    43

Table legend: (Time is in decaauts)
 A = Elapsed time spent in this place.
 B = Non-inter-level travel time spent in this place.
 C = Inter-level travel time spent in this place.
 D = Time resting spent in this place.
 E = Time spent auto-exploring this place.
 F = Levels seen in this place.
 G = Mean time per level.
                   A        B        C        D        E       F      G
               +--------+--------+--------+--------+--------+-----+--------+
         Total |    972 |    935 |     37 |      0 |    771 |   2 |  486.0 |
       Dungeon |    972 |    935 |     37 |      0 |    771 |   2 |  486.0 |
               +--------+--------+--------+--------+--------+-----+--------+

Top non-repeatable levels by time:
     D:1: 873 daAuts
     D:2: 99 daAuts
